 Dungeon Crawl Stone Soup version 0.30.1-11-g7821555f0a (webtiles) character file.

Game seed: 7085129861554720738

121 lonewolfV2 the Trooper (level 5, -1/43 HPs)
             Began as a Formicid Fighter on Nov 2, 2023.
             Slain by Natasha (7 damage)
             ... on level 2 of the Dungeon.
             The game lasted 00:02:02 (1169 turns).

lonewolfV2 the Trooper (Formicid Fighter)           Turns: 1169, Time: 00:02:02

Health: -1/43      AC:  6    Str: 20    XL:     5   Next: 26%
Magic:  5/5        EV:  9    Int:  8    God:
Gold:   163        SH:  5    Dex: 15    Spells: 4/4 levels left

rFire   . . .        a - +0 war axe
rCold   . . .        c - +0 buckler
rNeg    . . .        b - +0 scale mail
rPois   .            (helmet unavailable)
rElec   .            (no cloak)
rCorr   .            (no gloves)
SInv    +            (no boots)
Will    .....        e - amulet of regeneration Stlth
                     (no ring)
HPRegen 1.07/turn    (no ring)
MPRegen 0.09/turn

%: no passive effects
@: no status effects
A: permanent stasis, dig shafts and tunnels, antennae 3, four strong arms
a: Dig, Shaft Self


You were on level 2 of the Dungeon.
You visited 1 branch of the dungeon, and saw 2 of its levels.

You collected 163 gold pieces.

Inventory:

Hand Weapons
 a - a +0 war axe (weapon)
Missiles
 f - 2 throwing nets
Armour
 b - a +0 scale mail (worn)
 c - a +0 buckler (worn)
Jewellery
 e - an amulet of regeneration (around neck)
Potions
 d - a potion of might
 g - a potion of brilliance {unknown}
 h - a potion of invisibility
 i - a potion of flight {unknown}
 j - a potion of berserk rage {unknown}


   Skills:
 + Level 4.4 Fighting
 * Level 4.3 Axes
 - Level 3.2 Armour
 - Level 4.0 Shields


You had 4 spell levels left.
You didn't know any spells.
Your spell library was empty.

Dungeon Overview and Level Annotations

Branches:
Dungeon (2/15)

Altars:

Shops:
D:2 ?

Annotations:
D:2 Natasha


Innate Abilities, Weirdness & Mutations

You cannot be hasted, slowed, berserked, paralysed or teleported.
You can dig through walls and to a lower floor.
You have a pair of large antennae on your head. (SInv)
Your four strong arms can wield two-handed weapons with a shield.


Message History

You closely miss the cerulean imp.
The cerulean imp hits you but does no damage.
Natasha claws you but does no damage. The cerulean imp barely misses you.
The cerulean imp hits you with a +2 spear.
* * * LOW HITPOINT WARNING * * *
Natasha mewls in sadness.
Natasha claws you.
* * * LOW HITPOINT WARNING * * *
You closely miss Natasha.
Natasha is severely wounded.
You miss the cerulean imp.
The cerulean imp disappears in a puff of smoke!
You block the cerulean imp's attack. Natasha claws you.
* * * LOW HITPOINT WARNING * * *
You feel better.
The cerulean imp hits you but does no damage. x2
Natasha claws you but does no damage.
You hit Natasha but do no damage.
Natasha is severely wounded.
You hit the cerulean imp but do no damage.
You block the cerulean imp's attack.
The cerulean imp hits you with a +2 spear.
Natasha claws you.
* * * LOW HITPOINT WARNING * * *
The cerulean imp hits you but does no damage.
You closely miss Natasha.
Natasha is severely wounded.
You hit the cerulean imp.
The cerulean imp disappears in a puff of smoke!
Natasha claws you.
* * * LOW HITPOINT WARNING * * *
The cerulean imp hits you from afar with a +1 spear.
* * * LOW HITPOINT WARNING * * *
You block Natasha's attack.
You closely miss Natasha.
Natasha is severely wounded.
The cerulean imp hits you from afar with a +1 spear.
* * * LOW HITPOINT WARNING * * *
Natasha claws you!
You die...

##..#..##
##.#.#.####
###.....# ##!..##
###.###.#### ##.##
....###....# #.#
......#.##.# #.#
.#####..##.# #.#
#.....#.##.# #.#
≈...§§§#.#.# #§#
.≈.§§≈§.#..# #@#
§.≈≈≈§§§.#.#####h#
.≈.§§§≈≈≈#.....#5#
..≈.§≈......##.#.#
.≈.≈≈≈≈≈≈#.###.#..
§§≈≈≈.≈..#.....#.#
.§...≈≈.#.######.#
≈.....≈#..# #.#
#.....#.#.# #.#


You could see Natasha and a cerulean imp (summoned).

Vanquished Creatures
  Jessica (D:2)
  Robin (D:2)
  An adder (D:2)
  4 gnolls (D:2)
  A dart slug (D:1)
  An endoplasm (D:2)
  A giant cockroach (D:2)
  9 goblins
  5 hobgoblins
  4 kobolds
  A quokka (D:2)
  A ball python (D:2)
  2 frilled lizards
  5 rats
37 creatures vanquished.

Notes
Turn   | Place    | Note
-------+----------+-------------------------------------------
     0 | D:1      | lonewolfV2 the Formicid Fighter began the quest for the
                  | Orb.
     0 | D:1      | Reached XP level 1. HP: 18/18 MP: 1/1
   219 | D:1      | Reached XP level 2. HP: 24/24 MP: 2/2
   570 | D:2      | Noticed Robin
   581 | D:2      | Reached XP level 3. HP: 12/30 MP: 3/3
   583 | D:2      | Killed Robin
   588 | D:2      | Reached XP level 4. HP: 19/37 MP: 4/4
   618 | D:2      | Found Tuumulot's Magic Scroll Boutique.
   888 | D:2      | Found a faded altar of an unknown god.
  1066 | D:2      | Noticed Jessica
  1084 | D:2      | Killed Jessica
  1085 | D:2      | Reached XP level 5. HP: 17/43 MP: 5/5
  1149 | D:2      | Noticed Natasha
  1169 | D:2      | Slain by Natasha

Illustrated notes

Levels and vault maps discovered:
D:1:      nagdon_arrival_double_spiral, layout_basic
D:2:      layout_loops_ring, shapermc_ecumenical_altar_starsandcircs,
          serial_shops, nicolae_shop_advertising_works
          [nicolae_subvault_shop_adworks], uniq_robin, uniq_natasha,
          uniq_jessica

Skill      XL: |  1  2  3  4 |
---------------+-------------+-----
Axes           | 3 4 |  4.3
Fighting       | 4 |  4.4
Armour         | |  3.2
Shields        | |  4.0

Action                     |  1- 3 |  4- 6 || total
---------------------------+-------+-------++-------
  Melee: War axe           |    34 |    58 ||    92
    Use: Scroll            |     3 |       ||     3
         Potion            |       |     2 ||     2
 Armour: Scale mail        |    23 |    32 ||    55
  Dodge: Dodged            |    20 |    20 ||    40
  Block: Buckler           |     9 |    14 ||    23
